AoeStats
← Bzurker

Arena

510392236Analyzed
4v4 RM · 1d ago on Sep 30, 2026· 61m 10s· 8 players
Game mode
Random Map
Map size
Large (8 player)
Population
200
Speed
Normal
Resources
Standard
Victory
Conquest
Starting age
Dark Age
Ending age
Imperial Age
RankedLock teamsTeams togetherTeam positionsShared explorationLock speedFull tech treeHidden civsTurbo modeCheats
Victory
Defeat
🇳🇱 Italians · Netherlands
946
+14
🇹🇷 Goths · Türkiye
878
+36
🇭🇺 Khmer · Hungary
862
+17
🇨🇳 Saxons · China
849
+18
🇨🇭 Chinese · Switzerland
922
-18
🇩🇴 Saxons · Dominican Republic
910
-17
🇨🇴 Bohemians · Colombia
871
-16
🇨🇦 Inca · Canada
859
-15
Elpapid8659
8:26 Loom
10:12 Feudal Age
8:34 Loom
13:58 Castle Age
12:50 Double-Bit Axe
15:07 Town Watch
16:46 Bow Saw
16:47 Horse Collar
19:10 Heavy Plow
21:13 Wheelbarrow
28:00 Imperial Age
25:49 Hand Cart
25:38 Town Patrol
27:50 Chemistry
27:22 Masonry
27:42 Fletching
29:03 Conscription
29:08 Siege Engineers
30:07 Scale Mail Armor
30:04 Pikeman
30:46 Squires
31:06 Chain Mail Armor
31:31 Halberdier
32:06 Houfnice
33:45 Plate Mail Armor
34:10 Forging
36:43 Iron Casting
38:18 Bodkin Arrow
37:56 Man-at-Arms
38:23 Arson
40:09 Bracer
41:10 Blast Furnace
39:35 Long Swordsman
40:57 Two-Handed Swordsman
45:19 Champion
Internet User
11:23 Feudal Age
16:22 Castle Age
16:22 Fletching
16:33 Padded Archer Armor
17:07 Horse Collar
17:14 Double-Bit Axe
17:43 Forging
17:31 Bodkin Arrow
24:23 Wheelbarrow
23:51 Gold Mining
26:22 Fortified Wall
29:10 Loom
29:12 Town Watch
29:44 Hand Cart
33:29 Ballistics
33:52 Leather Archer Armor
42:14 Imperial Age
44:02 Elite Fire Lancer
44:10 Man-at-Arms
44:51 Squires
44:37 Arson
45:05 Long Swordsman
46:10 Forging
46:00 Scale Mail Armor
Coffee Bean
9:47 Feudal Age
10:14 Horse Collar
10:23 Double-Bit Axe
17:52 Castle Age
19:03 Wheelbarrow
19:44 Heavy Plow
24:34 Bow Saw
24:44 Treadmill Crane
25:38 Gold Mining
25:40 Stone Mining
27:06 Gold Shaft Mining
27:08 Stone Shaft Mining
26:58 Town Watch
27:25 Town Watch
27:59 Hand Cart
30:59 Imperial Age
28:52 Loom
30:33 Ballistics
30:19 Fletching
31:05 Bodkin Arrow
32:37 Conscription
33:31 Bracer
36:36 Chemistry
35:47 Masonry
35:48 Guilds
35:40 Murder Holes
36:24 Hoardings
37:04 Crop Rotation
37:36 Town Patrol
47:26 Champi Runner
48:29 Fabric Shields
53:45 Champi Warrior
54:26 Squires
54:31 Elite Champi Warrior
58:06 Forging
58:03 Scale Mail Armor
57:43 Pikeman
59:43 Iron Casting
60:20 Chain Mail Armor
Mandark39
8:39 Loom
11:46 Feudal Age
15:57 Castle Age
14:59 Double-Bit Axe
15:08 Horse Collar
33:32 Imperial Age
30:49 Town Watch
31:28 Scale Mail Armor
31:19 Fletching
33:26 Wheelbarrow
35:02 Elite Varangian Guard
35:43 Squires
40:26 Arson
40:56 Forging
42:06 Chain Mail Armor
42:27 Iron Casting
51:01 Plate Mail Armor
51:06 Iron Casting
51:21 Masonry
51:32 Ballistics
52:14 Chemistry
56:05 Fortified Wall
57:11 Husbandry
57:22 Bloodlines
56:34 Light Cavalry
59:14 Hussar
60:06 Scale Barding Armor
Kanye Best
3:39 Loom
12:09 Feudal Age
14:24 Double-Bit Axe
18:48 Horse Collar
22:54 Castle Age
21:00 Gold Mining
21:19 Stone Mining
24:03 Caravan
24:16 Bow Saw
25:36 Bloodlines
26:34 Fletching
27:27 Murder Holes
27:25 Town Watch
28:13 Heavy Plow
30:43 Wheelbarrow
Bzurker
0:50 Loom
11:31 Feudal Age
16:19 Castle Age
14:38 Double-Bit Axe
15:02 Stone Mining
24:58 Horse Collar
27:10 Padded Archer Armor
30:03 Leather Archer Armor
33:12 Imperial Age
31:45 Wheelbarrow
32:13 Scale Barding Armor
32:19 Forging
32:00 Fletching
32:23 Bow Saw
33:05 Husbandry
33:16 Bloodlines
32:29 Light Cavalry
32:32 Elite Skirmisher
34:25 Chain Barding Armor
34:31 Conscription
35:08 Hand Cart
36:50 Chemistry
36:53 Conscription
37:17 Ballistics
36:41 Hussar
38:02 Plate Barding Armor
38:39 Iron Casting
40:15 Heavy Plow
42:58 Blast Furnace
42:33 Gold Mining
43:22 Stone Shaft Mining
43:52 Treadmill Crane
43:59 Elite Genoese Crossbowman
45:31 Thumb Ring
47:06 Two-Man Saw
46:29 Masonry
50:11 Architecture
83716497273
9:48 Feudal Age
13:45 Castle Age
12:04 Double-Bit Axe
12:21 Horse Collar
15:25 Bow Saw
22:40 Heavy Plow
24:13 Wheelbarrow
23:56 Gold Mining
24:16 Treadmill Crane
25:22 Gold Shaft Mining
24:40 Stone Mining
25:41 Loom
26:11 Hand Cart
26:32 Scale Mail Armor
26:42 Forging
30:01 Imperial Age
27:17 Town Watch
28:25 Chain Mail Armor
28:45 Iron Casting
28:33 Murder Holes
28:59 Ballistics
29:31 Fletching
29:42 Gambesons
29:57 Squires
29:42 Arson
31:10 Conscription
30:10 Shield Wall
32:01 Two-Man Saw
31:32 Crop Rotation
30:25 Capped Ram
30:33 Elite Varangian Guard
31:27 Siege Ram
32:16 Siege Engineers
32:55 Plate Mail Armor
33:11 Fortified Wall
34:02 Chemistry
33:12 Masonry
40:40 Bodkin Arrow
41:00 Masonry
41:39 Bracer
42:12 Architecture
42:56 Padded Archer Armor
44:38 Hoardings
52:30 Leather Archer Armor
52:48 Crossbowman
53:43 Arbalester
54:29 Thumb Ring
54:55 Ring Archer Armor
56:38 Town Patrol
57:48 Caravan
silindirnazmi
11:42 Feudal Age
13:00 Wheelbarrow
12:08 Horse Collar
12:33 Double-Bit Axe
19:33 Gold Mining
19:34 Stone Mining
22:09 Castle Age
20:26 Padded Archer Armor
20:18 Fletching
23:04 Bow Saw
24:05 Leather Archer Armor
24:28 Hand Cart
24:11 Crossbowman
26:55 Scale Barding Armor
26:52 Scale Mail Armor
28:06 Bloodlines
28:12 Husbandry
31:31 Chain Barding Armor
Connection lost

Rejoining the realm…

Still unreachable

The connection could not be restored.

Session expired

The server has moved on; the page needs a fresh start.